| TOP OF THE 1ST |
|
Vermont Lake Monsters batting - Pitching for Aberdeen Ironbirds : LHP Oliver Troiano
|
|
Pitching: LHP Oliver Troiano
|
|
|
Batting: RHB Scott Lister
|
0-0: Ball 1-0: Ground out 1-3 (Groundball, 13S, EV 61.9 MPH)
|
|
Batting: SHB Steve Salafia
|
0-0: DOUBLE (Flyball, 89D, EV 110.0 MPH)
|
|
Batting: RHB Tetsuya Shinoda
|
0-0: Foul Ball, location: 2F 0-1: Foul Ball, location: 2F 0-2: SINGLE (Line Drive, 78S, EV 98.8 MPH) Steve Salafia to third Runner from 3rd tries for Home, throw by LF and OUT! 7-2
|
|
Batting: RHB Edgardo Rivera
|
0-0: Called Strike 0-1: Ball 1-1: Fly out, F8 (Line Drive, 8LM, EV 90.0 MPH)
|
| Top of the 1st over - 0 runs, 2 hits, 0 errors, 1 left on base; Vermont 0 - Aberdeen 0 |
| BOTTOM OF THE 1ST |
|
Aberdeen Ironbirds batting - Pitching for Vermont Lake Monsters : RHP Herman McPherson
|
|
Pitching: RHP Herman McPherson
|
|
|
Batting: RHB Ryan Bentz
|
0-0: Called Strike 0-1: Ball 1-1: Ball 2-1: Ball 3-1: Base on Balls
|
|
Batting: LHB Chris Barrera
|
0-0: Ball 1-0: Foul Ball, location: 2F 1-1: Called Strike 1-2: Hit by Pitch Ryan Bentz to second
|
|
Batting: RHB Graham Calvert
|
0-0: Called Strike 0-1: Ball 1-1: Grounds into double play, 4-6-3 (Groundball, 4, EV 81.2 MPH) Ryan Bentz to third
|
|
Batting: RHB Han-seung Hah
|
0-0: Foul Ball, location: 2F 0-1: Ball 1-1: Swinging Strike 1-2: Foul Ball, location: 2F 1-2: SINGLE (Line Drive, 8RS, EV 94.4 MPH) Ryan Bentz scores
|
|
Batting: LHB Chris Cohen
|
0-0: Called Strike 0-1: Called Strike 0-2: Foul Ball, location: 2F 0-2: Ball 1-2: Ball 2-2: SINGLE (Flyball, 4D, EV 88.8 MPH) Han-seung Hah to second
|
|
Batting: RHB Luis Roman
|
0-0: Ball 1-0: Foul Ball, location: 2F 1-1: Ball 2-1: Ball 3-1: Base on Balls Han-seung Hah to third Chris Cohen to second
|
|
Batting: LHB Danny Schultz
|
0-0: Ball Passed Ball! Han-seung Hah scores Chris Cohen to third Luis Roman to second 1-0: Called Strike 1-1: Swinging Strike 1-2: TRIPLE (Line Drive, 7LD, EV 108.8 MPH) Chris Cohen scores Luis Roman scores
|
|
Batting: RHB Heihachiro Fujita
|
0-0: Called Strike 0-1: Called Strike 0-2: Hit by Pitch
|
|
Batting: RHB Tim Cleary
|
0-0: Called Strike 0-1: Ball 1-1: Called Strike 1-2: Ball 2-2: Strikes out looking
|
| Bottom of the 1st over - 4 runs, 3 hits, 0 errors, 2 left on base; Vermont 0 - Aberdeen 4 |
| TOP OF THE 2ND |
|
Vermont Lake Monsters batting - Pitching for Aberdeen Ironbirds : LHP Oliver Troiano
|
|
Batting: RHB Todd Vanasco
|
0-0: Ground out 5-3 (Groundball, 56, EV 85.6 MPH)
|
|
Batting: RHB Amare Brown
|
0-0: Fly out, F8 (Flyball, 8LXD, EV 85.6 MPH)
|
|
Batting: LHB Felipe Gomez
|
0-0: Ball 1-0: Ball 2-0: SINGLE (Groundball, 25, EV 66.2 MPH) (infield hit)
|
|
Batting: SHB Mike Kirk
|
0-0: Ball 1-0: Ball 2-0: Called Strike Felipe Gomez is caught stealing 2nd base 2-4
|
| Top of the 2nd over - 0 runs, 1 hit, 0 errors, 0 left on base; Vermont 0 - Aberdeen 4 |
| BOTTOM OF THE 2ND |
|
Aberdeen Ironbirds batting - Pitching for Vermont Lake Monsters : RHP Herman McPherson
|
|
Pitching: RHP Nasser bin Ata
|
|
|
Batting: RHB Ryan Bentz
|
0-0: Ball 1-0: Foul Ball, location: 2F 1-1: Ball 2-1: Foul Ball, location: 2F 2-2: Strikes out swinging
|
|
Batting: LHB Chris Barrera
|
0-0: Ball 1-0: Ground out U3 (Groundball, 34, EV 75.6 MPH)
|
|
Batting: RHB Graham Calvert
|
0-0: Ball 1-0: Foul Ball, location: 2F 1-1: DOUBLE (Groundball, 5L, EV 98.1 MPH)
|
|
Batting: RHB Han-seung Hah
|
0-0: Ball 1-0: Ball 2-0: Foul Ball, location: 2F 2-1: Called Strike 2-2: Ground out 6-3 (Groundball, 6, EV 103.8 MPH)
|
| Bottom of the 2nd over - 0 runs, 1 hit, 0 errors, 1 left on base; Vermont 0 - Aberdeen 4 |
| TOP OF THE 3RD |
|
Vermont Lake Monsters batting - Pitching for Aberdeen Ironbirds : LHP Oliver Troiano
|
|
Batting: SHB Mike Kirk
|
0-0: Ball 1-0: Swinging Strike 1-1: Called Strike 1-2: Ground out 4-3 (Groundball, 4, EV 77.5 MPH)
|
|
Batting: SHB Berthold Frey
|
0-0: Called Strike 0-1: Ball 1-1: Ground out 6-3 (Groundball, 6, EV 78.1 MPH)
|
|
Batting: RHB Scott Lister
|
0-0: Called Strike 0-1: Called Strike 0-2: Ball 1-2: Ball 2-2: Foul Ball, location: 2F 2-2: Strikes out swinging
|
| Top of the 3rd over - 0 runs, 0 hits, 0 errors, 0 left on base; Vermont 0 - Aberdeen 4 |
| BOTTOM OF THE 3RD |
|
Aberdeen Ironbirds batting - Pitching for Vermont Lake Monsters : RHP Nasser bin Ata
|
|
Batting: LHB Chris Cohen
|
0-0: Ball 1-0: Called Strike 1-1: Foul Ball, location: 2F 1-2: Fly out, F8 (Flyball, 8RS, EV 94.4 MPH)
|
|
Batting: RHB Luis Roman
|
0-0: Ball 1-0: Ball 2-0: Swinging Strike 2-1: Foul Ball, location: 2F 2-2: Ball 3-2: Foul Ball, location: 2F 3-2: SINGLE (Flyball, 8RS, EV 92.5 MPH)
|
|
Pitching: LHP Hector Perdomo
|
|
|
Batting: LHB Danny Schultz
|
0-0: Fly out, F7 (Flyball, 78D, EV 85.0 MPH)
|
|
Batting: RHB Heihachiro Fujita
|
0-0: Called Strike 0-1: SINGLE (Groundball, 6MD, EV 96.2 MPH) Luis Roman to second
|
|
Batting: RHB Tim Cleary
|
0-0: Ball 1-0: Ball 2-0: Fielders Choice at 2nd, 5-4 (Groundball, 56, EV 85.0 MPH)
|
| Bottom of the 3rd over - 0 runs, 2 hits, 0 errors, 2 left on base; Vermont 0 - Aberdeen 4 |
| TOP OF THE 4TH |
|
Vermont Lake Monsters batting - Pitching for Aberdeen Ironbirds : LHP Oliver Troiano
|
|
Batting: SHB Steve Salafia
|
0-0: Ball 1-0: Ball 2-0: Foul Ball, location: 2F 2-1: Foul Ball, location: 2F 2-2: SINGLE (Groundball, 34D, EV 101.9 MPH)
|
|
Batting: RHB Tetsuya Shinoda
|
0-0: Swinging Strike Passed Ball! Steve Salafia to second 0-1: Ball 1-1: Foul Ball, location: 2F 1-2: Fly out, F9 (Flyball, 9LS, EV 88.8 MPH)
|
|
Batting: RHB Edgardo Rivera
|
0-0: Ball 1-0: Called Strike 1-1: Swinging Strike 1-2: Strikes out swinging
|
|
Batting: RHB Todd Vanasco
|
0-0: Called Strike 0-1: Ball 1-1: DOUBLE (Line Drive, 3D, EV 103.1 MPH) Steve Salafia scores
|
|
Batting: RHB Amare Brown
|
0-0: Called Strike 0-1: Swinging Strike 0-2: Strikes out swinging
|
| Top of the 4th over - 1 run, 2 hits, 0 errors, 1 left on base; Vermont 1 - Aberdeen 4 |
| BOTTOM OF THE 4TH |
|
Aberdeen Ironbirds batting - Pitching for Vermont Lake Monsters : LHP Hector Perdomo
|
|
Batting: RHB Ryan Bentz
|
0-0: Called Strike 0-1: Called Strike 0-2: Ball 1-2: Foul Ball, location: 2F 1-2: Ball 2-2: Strikes out looking
|
|
Batting: LHB Chris Barrera
|
0-0: Ball 1-0: Swinging Strike 1-1: Ball 2-1: Foul Ball, location: 2F 2-2: Ball 3-2: Ground out U3 (Groundball, 34S, EV 81.9 MPH)
|
|
Batting: RHB Graham Calvert
|
0-0: Ball 1-0: Ball 2-0: Foul Ball, location: 2F 2-1: Foul Ball, location: 2F 2-2: Foul Ball, location: 2F 2-2: Ball 3-2: Ground out 4-3 (Groundball, 4, EV 98.1 MPH)
|
| Bottom of the 4th over - 0 runs, 0 hits, 0 errors, 0 left on base; Vermont 1 - Aberdeen 4 |
| TOP OF THE 5TH |
|
Vermont Lake Monsters batting - Pitching for Aberdeen Ironbirds : LHP Oliver Troiano
|
|
Batting: LHB Felipe Gomez
|
0-0: Ball 1-0: Ball 2-0: Foul Ball, location: 2F 2-1: Foul Ball, location: 2F 2-2: Strikes out swinging
|
|
Batting: SHB Mike Kirk
|
0-0: Ball 1-0: Foul Ball, location: 2F 1-1: Ball 2-1: Swinging Strike 2-2: Foul Ball, location: 2F 2-2: Strikes out swinging
|
|
Batting: SHB Berthold Frey
|
0-0: Swinging Strike 0-1: SINGLE (Groundball, 4MD, EV 103.8 MPH)
|
|
Batting: RHB Scott Lister
|
0-0: Called Strike 0-1: Called Strike Berthold Frey is caught stealing 2nd base 2-4
|
| Top of the 5th over - 0 runs, 1 hit, 0 errors, 0 left on base; Vermont 1 - Aberdeen 4 |
| BOTTOM OF THE 5TH |
|
Aberdeen Ironbirds batting - Pitching for Vermont Lake Monsters : LHP Hector Perdomo
|
|
Batting: RHB Han-seung Hah
|
0-0: Ball 1-0: Ball 2-0: Ball 3-0: Base on Balls
|
|
Batting: LHB Chris Cohen
|
0-0: Ball Wild Pitch! Han-seung Hah to second 1-0: Called Strike 1-1: Called Strike 1-2: Ball 2-2: Foul Ball, location: 2F 2-2: Ball Wild Pitch! Han-seung Hah to third 3-2: Foul Ball, location: 2F 3-2: Fly out, F7 (Flyball, 7, EV 92.5 MPH) Runner from 3rd tags up, OUT at HOME! 7-2
|
|
Now in LF: Jon Coleman
|
|
|
Batting: RHB Luis Roman
|
0-0: Called Strike 0-1: Swinging Strike 0-2: Foul Ball, location: 2F 0-2: Strikes out swinging
|
| Bottom of the 5th over - 0 runs, 0 hits, 0 errors, 0 left on base; Vermont 1 - Aberdeen 4 |
| TOP OF THE 6TH |
|
Vermont Lake Monsters batting - Pitching for Aberdeen Ironbirds : LHP Oliver Troiano
|
|
Batting: RHB Scott Lister
|
0-0: Ball 1-0: Swinging Strike 1-1: Swinging Strike 1-2: Ball 2-2: Ball 3-2: Strikes out swinging
|
|
Batting: SHB Steve Salafia
|
0-0: Ground out 6-3 (Groundball, 6, EV 89.4 MPH)
|
|
Batting: RHB Tetsuya Shinoda
|
0-0: SINGLE (Groundball, 56, EV 105.0 MPH) (infield hit)
|
|
Batting: RHB Edgardo Rivera
|
0-0: Ball 1-0: Foul Ball, location: 2F 1-1: Ball 2-1: Swinging Strike 2-2: Foul Ball, location: 2F 2-2: Strikes out swinging
|
| Top of the 6th over - 0 runs, 1 hit, 0 errors, 1 left on base; Vermont 1 - Aberdeen 4 |
| BOTTOM OF THE 6TH |
|
Aberdeen Ironbirds batting - Pitching for Vermont Lake Monsters : LHP Hector Perdomo
|
|
Batting: LHB Danny Schultz
|
0-0: Ground out 6-3 (Groundball, 6, EV 83.8 MPH)
|
|
Batting: RHB Heihachiro Fujita
|
0-0: Called Strike 0-1: Ball 1-1: Ball 2-1: Foul Ball, location: 2F 2-2: Strikes out swinging
|
|
Batting: RHB Tim Cleary
|
0-0: Called Strike 0-1: Ground out 6-3 (Groundball, 6, EV 83.8 MPH)
|
| Bottom of the 6th over - 0 runs, 0 hits, 0 errors, 0 left on base; Vermont 1 - Aberdeen 4 |
| TOP OF THE 7TH |
|
Vermont Lake Monsters batting - Pitching for Aberdeen Ironbirds : LHP Oliver Troiano
|
|
Batting: RHB Todd Vanasco
|
0-0: Ball 1-0: Ball 2-0: Called Strike 2-1: Swinging Strike 2-2: Strikes out swinging
|
|
Batting: RHB Amare Brown
|
0-0: Called Strike 0-1: Ball 1-1: Called Strike 1-2: SINGLE (Line Drive, 56D, EV 96.9 MPH)
|
|
Batting: RHB Jon Coleman
|
0-0: Ball 1-0: Called Strike 1-1: Foul Ball, location: 2F 1-2: Strikes out swinging
|
|
Batting: SHB Mike Kirk
|
0-0: Foul Ball, location: 2F 0-1: Called Strike 0-2: Foul Ball, location: 2F 0-2: Ball 1-2: Fielders Choice at 2nd, 6-4 (Groundball, 6, EV 80.6 MPH)
|
| Top of the 7th over - 0 runs, 1 hit, 0 errors, 1 left on base; Vermont 1 - Aberdeen 4 |
| BOTTOM OF THE 7TH |
|
Aberdeen Ironbirds batting - Pitching for Vermont Lake Monsters : LHP Hector Perdomo
|
|
Batting: RHB Ryan Bentz
|
0-0: Ball 1-0: Called Strike 1-1: Foul Ball, location: 2F 1-2: Ball 2-2: Strikes out looking
|
|
Batting: LHB Chris Barrera
|
0-0: Ball 1-0: Ball 2-0: Ball 3-0: Base on Balls
|
|
Pitching: RHP Matt Schmidt
|
|
|
Batting: RHB Graham Calvert
|
0-0: Fly out, F9 (Flyball, 89M, EV 88.1 MPH)
|
|
Batting: RHB Han-seung Hah
|
0-0: Foul Ball, location: 2F 0-1: Ball 1-1: Called Strike 1-2: Ball 2-2: SINGLE (Flyball, 8LS, EV 88.1 MPH) Chris Barrera to second Runner from 2nd tries for 3rd, SAFE, throw by CF made to third
|
|
Batting: LHB Chris Cohen
|
0-0: Ball 1-0: Swinging Strike 1-1: Swinging Strike 1-2: Strikes out swinging
|
| Bottom of the 7th over - 0 runs, 1 hit, 0 errors, 2 left on base; Vermont 1 - Aberdeen 4 |
| TOP OF THE 8TH |
|
Vermont Lake Monsters batting - Pitching for Aberdeen Ironbirds : LHP Oliver Troiano
|
|
Pitching: RHP Harold Price
|
|
|
Batting: SHB Berthold Frey
|
0-0: Called Strike 0-1: Ground out 5-3 (Groundball, 56, EV 96.9 MPH)
|
|
Batting: RHB Scott Lister
|
0-0: Ball 1-0: Ground out 4-3 (Groundball, 4, EV 86.2 MPH)
|
|
Batting: SHB Steve Salafia
|
0-0: Ball 1-0: Foul Ball, location: 2F 1-1: Foul Ball, location: 2F 1-2: Ball 2-2: Foul Ball, location: 2F 2-2: Foul Ball, location: 2F 2-2: Foul Ball, location: 2F 2-2: Fly out, F8 (Flyball, 8RS, EV 96.9 MPH)
|
| Top of the 8th over - 0 runs, 0 hits, 0 errors, 0 left on base; Vermont 1 - Aberdeen 4 |
| BOTTOM OF THE 8TH |
|
Aberdeen Ironbirds batting - Pitching for Vermont Lake Monsters : RHP Matt Schmidt
|
|
Batting: RHB Luis Roman
|
0-0: Ball 1-0: Ball 2-0: Called Strike 2-1: Ball 3-1: Base on Balls
|
|
Batting: LHB Danny Schultz
|
0-0: Ball 1-0: Ball 2-0: Called Strike 2-1: Foul Ball, location: 2F 2-2: Foul Ball, location: 2F 2-2: Fly out, F8 (Flyball, 78M, EV 83.8 MPH)
|
|
Batting: RHB Heihachiro Fujita
|
0-0: Ball 1-0: Ball 2-0: Ball 3-0: Base on Balls Luis Roman to second
|
|
Batting: RHB Tim Cleary
|
0-0: SINGLE (Line Drive, 8RS, EV 104.4 MPH) Luis Roman to third Heihachiro Fujita to second Runner from 3rd tries for Home, SAFE, throw by CF to home
|
|
Batting: RHB Ryan Bentz
|
0-0: Called Strike 0-1: Ball 1-1: Swinging Strike 1-2: Ball 2-2: Ball Wild Pitch! Heihachiro Fujita to third Tim Cleary to second 3-2: Base on Balls
|
|
Batting: LHB Chris Barrera
|
0-0: Ball 1-0: Called Strike 1-1: Foul Ball, location: 2F 1-2: Ball 2-2: Strikes out swinging
|
|
Batting: RHB Graham Calvert
|
0-0: Called Strike 0-1: SINGLE (Flyball, 56D, EV 90.0 MPH) Heihachiro Fujita scores Tim Cleary to third Ryan Bentz to second Runner from 3rd tries for Home, SAFE, throw by LF to home
|
|
Batting: RHB Han-seung Hah
|
0-0: Foul Ball, location: 2F 0-1: Ball 1-1: Foul Ball, location: 2F 1-2: Strikes out swinging
|
| Bottom of the 8th over - 3 runs, 2 hits, 0 errors, 2 left on base; Vermont 1 - Aberdeen 7 |
| TOP OF THE 9TH |
|
Vermont Lake Monsters batting - Pitching for Aberdeen Ironbirds : RHP Harold Price
|
|
Batting: RHB Tetsuya Shinoda
|
0-0: Ball 1-0: Hit by Pitch
|
|
Batting: RHB Edgardo Rivera
|
0-0: Swinging Strike 0-1: Ball 1-1: Called Strike 1-2: Foul Ball, location: 2F 1-2: Strikes out swinging
|
|
Batting: RHB Todd Vanasco
|
0-0: Ball Wild Pitch! Tetsuya Shinoda to second 1-0: Foul Ball, location: 2F 1-1: Ball 2-1: Fly out, F4 (Popup, 4, EV 61.2 MPH)
|
|
Batting: RHB Amare Brown
|
0-0: Ball 1-0: Called Strike 1-1: SINGLE (Groundball, 6D, EV 97.5 MPH) Tetsuya Shinoda to third
|
|
Batting: RHB Jon Coleman
|
0-0: Called Strike 0-1: DOUBLE (Flyball, 78D, EV 98.8 MPH) Tetsuya Shinoda scores Amare Brown to third
|
|
Batting: SHB Mike Kirk
|
0-0: Called Strike 0-1: Ball 1-1: Ball 2-1: Ball 3-1: Base on Balls
|
|
Pitching: LHP Ronnie Pickering
|
|
|
Batting: SHB Berthold Frey
|
0-0: Called Strike 0-1: Foul Ball, location: 2F 0-2: Ball 1-2: Strikes out looking
|
| Top of the 9th over - 1 run, 2 hits, 0 errors, 3 left on base; Vermont 2 - Aberdeen 7 |
|